 Dungeon Crawl Stone Soup version 0.31-a0-1042-ga9834b393d (webtiles) character file.

Game seed: 11978492918219470547

131297 tilp the Unseen (level 16, 0/121 (129) HPs)
             Began as a Vampire Enchanter on Nov 19, 2023.
             Was the Champion of Wu Jian.
             Slain by a pharaoh ant (9 damage)
             ... on level 3 of the Spider Nest on Nov 20, 2023.
             The game lasted 01:13:54 (32379 turns).

tilp the Unseen (Vampire Enchanter)                Turns: 32379, Time: 01:13:55

HP:   0/121 (129)   AC: 25    Str: 10    XL:     16   Next: 55%
MP:   23/29         EV: 22    Int: 24    God:    Wu Jian [******]
Gold: 586           SH:  6    Dex: 19    Spells: 2/33 levels left

rFire   . . .        a - +3 dagger (elec)
rCold   . . .        f - +0 buckler
rNeg    . . .        d - +7 swamp dragon scales of the Flute {rPois Str+3}
rPois   +            t - +2 helmet
rElec   .            y - +2 cloak {rCorr}
rCorr   +            W - +2 pair of gloves {Dex+3}
SInv    +            (no boots)
Will    ++...        i - amulet of magic regeneration
Stlth   ++++++       E - ring of willpower
HPRegen 0.60/turn    g - +5 ring of evasion
MPRegen 0.61/turn

%: no passive effects
@: on berserk cooldown, healing quickly, slowed, studying Dodging, drained, very
slow
A: alive, fangs 3, see invisible, vampiric 2
a: Exsanguinate, Renounce Religion, Wall Jump, Serpent's Lash, Heavenly Storm


You were on level 3 of the Spider Nest.
You worshipped Wu Jian.
Wu Jian was exalted by your worship.
You visited 4 branches of the dungeon, and saw 26 of its levels.
You visited 1 bazaar.
You also visited: Ossuary and Gauntlet.

You collected 3127 gold pieces.
You spent 2541 gold pieces at shops.

Inventory:

Hand Weapons
 a - a +3 dagger of electrocution (weapon)
 b - the +11 long sword of Prudence {freeze, rElec Dex+3}
   (You found it on level 5 of the Lair of Beasts)

   Dex+3:     It affects your dexterity (+3).
   rElec:     It insulates you from electricity.
Missiles
 l - 6 silver javelins
 o - 7 javelins
 p - 18 poisoned darts (quivered)
 D - 7 curare-tipped darts
 G - a throwing net
 K - 23 boomerangs
Armour
 d - the +7 swamp dragon scales of the Flute (worn) {rPois Str+3}
   (You found it on level 5 of the Lair of Beasts)

   Str+3:     It affects your strength (+3).
   rPois:     It protects you from poison
 f - a +0 buckler (worn)
 t - a +2 helmet (worn)
 y - a +2 cloak of preservation (worn)
 W - a +2 pair of gloves of dexterity (worn)
Jewellery
 g - a +5 ring of evasion (right hand)
 i - an amulet of magic regeneration (around neck)
 E - a ring of willpower (left hand)
 S - a ring of protection from fire
 T - a ring of protection from cold
Wands
 m - a wand of digging (8)
 w - a wand of flame (34)
 F - a wand of iceblast (9)
 I - a wand of quicksilver (32)
 M - a wand of paralysis (23)
 O - a wand of polymorph (7)
 X - a wand of mindburst (11)
Scrolls
 s - 8 scrolls of teleportation
 u - 4 scrolls of fear
 v - 4 scrolls of vulnerability
 z - 4 scrolls of fog
 P - 2 scrolls of silence
 Q - 3 scrolls of revelation
 R - a scroll of blinking
 Y - 3 scrolls of summoning
Potions
 c - 2 potions of invisibility
 e - 15 potions of curing
 h - 7 potions of brilliance
 j - 3 potions of attraction
 k - 6 potions of heal wounds
 n - 6 potions of lignification
 q - 8 potions of mutation
 x - 3 potions of cancellation
 A - a potion of berserk rage
 B - a potion of resistance
 N - 2 potions of enlightenment
 U - 2 potions of magic
 V - 2 potions of haste
 Z - a potion of ambrosia
Miscellaneous
 r - a lightning rod (4/4)
 C - a phial of floods
 H - a sack of spiders
 L - a tin of tremorstones (2/2)


   Skills:
 * Level 12.5 Fighting
 - Level 10.0(11.0) Short Blades
 * Level 6.8(9.0) Long Blades
 - Level 6.0 Armour
 + Level 12.8 Dodging
 + Level 15.5 Stealth
 - Level 4.0 Shields
 + Level 9.3 Spellcasting
 + Level 6.4 Conjurations
 + Level 15.5 Hexes
 + Level 5.1 Transmutations
 - Level 4.0 Ice Magic
 + Level 8.4 Evocations


You had 2 spell levels left.
You knew the following spells:

 Your Spells              Type           Power      Damage    Failure   Level
a - Ensorcelled Hibernat  Hex/Ice        100%       N/A       1%          2
b - Confusing Touch       Hex            72%        N/A       1%          3
c - Tukima's Dance        Hex            72%        N/A       1%          3
d - Dazzling Flash        Conj/Hex       100%       N/A       1%          3
e - Fulminant Prism       Conj/Hex       29%        3d13      1%          4
f - Yara's Violent Unrav  Hex/Tmut       28%        3d12      8%          5
g - Enfeeble              Hex            36%        N/A       26%         7
h - Anguish               Hex/Necr       24%        N/A       8%          4

Your spell library contained the following spells:

 Spells                   Type           Power      Damage    Failure   Level
 Magic Dart               Conj           100%       1d8       1%          1
 Slow                     Hex            100%       N/A       1%          1
 Searing Ray              Conj           82%        2d7       1%          2
 Freeze                   Ice            100%       1d10      3%          1
 Wereblood                Tmut           36%        N/A       3%          2
 Foxfire                  Conj/Fire      100%       2x1d9     4%          1
 Static Discharge         Conj/Air       52%        3-6/arc   8%          2
 Passwall                 Tmut/Erth      19%        N/A       10%         2
 Apportation              Tloc           22%        N/A       19%         1
 Necrotise                Necr           44%        1d6       19%         1
 Summon Small Mammal      Summ           44%        N/A       19%         1
 Cigotuvi's Dreadful Rot  Necr/Pois/Air  22%        N/A       28%         2
 Sigil of Binding         Hex            72%        N/A       1%          3
 Cause Fear               Hex            36%        N/A       1%          4
 Summon Guardian Golem    Hex/Summ       48%        N/A       2%          3
 Hailstorm                Conj/Ice       36%        3d9       7%          3
 Dimensional Bullseye     Hex/Tloc       24%        N/A       8%          4
 Frozen Ramparts          Ice            60%        1d10      11%         3
 Silence                  Hex/Air        24%        N/A       22%         5
 Ignite Poison            Fire/Tmut/Pois 19%        N/A       28%         3
 Iskenderun's Battlesphe  Conj           41%        2d9       36%         5
 Irradiate                Conj/Tmut      19%        3d18      43%         5
 Iskenderun's Mystic Bla  Conj/Tloc      26%        2d7       45%         4
 Sticky Flame             Conj/Fire      26%        2d5       45%         4
 Vampiric Draining        Necr           11%        2d6       50%         3
 Summon Ice Beast         Ice/Summ       20%        N/A       63%         4
 Freezing Cloud           Conj/Ice/Air   13%        6-21      77%         5
 Arcjolt                  Conj/Air       13%        1d23      80%         5
 Olgreb's Toxic Radiance  Pois           11%        N/A       88%         4
 Vhi's Electric Charge    Tloc/Air       22%        N/A       88%         4
 Discord                  Hex            36%        N/A       91%         8
 Bombard                  Conj/Erth      13%        9d3       100%        6
 Plasma Beam              Fire/Air       5%         2x1d16    100%        6
 Simulacrum               Ice/Necr       10%        N/A       100%        6
 Starburst                Conj/Fire      13%        6d5       100%        6
 Malign Gateway           Summ/Tloc      5%         N/A       100%        7
 Orb of Destruction       Conj           20%        9d8       100%        7
 Ozocubu's Refrigeration  Ice            15%        4d10      100%        7
 Spellforged Servitor     Conj/Summ      13%        N/A       100%        7
 Ignition                 Fire           5%         3d4       100%        8
 Maxwell's Capacitive Co  Air            5%         ∞         100%        8
 Summon Horrible Things   Summ           5%         N/A       100%        8
 Fire Storm               Conj/Fire      13%        8d3       100%        9
 Polar Vortex             Ice            15%        12d2*     100%        9


Dungeon Overview and Level Annotations

Branches:
Dungeon (15/15)            Temple (0/1) D:7            Lair (5/5) D:11
  Swamp (0/4) Lair:3       Spider (4/4) Lair:2          Orc (2/2) D:11
    Elf (0/3) Orc:2        Vaults (0/5) D:13         Depths (0/4) D:15
Ossuary (visited)         Gauntlet (visited)
  Slime: Lair:4-5

Altars:
Ashenzari
Dithmenos
Gozag
Hepliaklqana
Kikubaaqudgha
Makhleb
Qazlal
Trog
Vehumet
Wu Jian
Xom
Yredelemnul
Jiyva

Shops:
D:4 :   D:13 *(   Orc:2 *=*?

Portals:
Trove: D:12 (give 6 potions of haste)

Annotations:
D:10 3 runed translucent doors, PanSaczeczos's ghost, journeyman FoVM
D:12 exclusion: oklob sapling
D:13 3 runed translucent doors, Anon1729's ghost, journeyman MiMo
Lair:4 exclusion: 2 oklob plants
Spider:3 Roxanne


Innate Abilities, Weirdness & Mutations

Your natural rate of healing is accelerated.
You have razor-sharp teeth.
You have supernaturally acute eyesight. (SInv)
You are afflicted with vampirism and can become a bat while bloodless.


Message History

* * * LOW HITPOINT WARNING * * *
The wolf spider completely misses you.
The pharaoh ant bites you but does no damage.
The wolf spider attacks as it pursues you!
The wolf spider hits you but does no damage.
The wolf spider bites you but does no damage.
The pharaoh ant misses you.
Unknown command.
Casting: Ensorcelled Hibernation (safe; 1% risk of failure)
Confirm with . or Enter, or press ? or * to list all spells.
You can't see any susceptible monsters within range! (Use Z to cast anyway.) Unknown command.
Casting: Ensorcelled Hibernation (safe; 1% risk of failure)
Confirm with . or Enter, or press ? or * to list all spells.
Casting: Dazzling Flash (safe; 1% risk of failure)
Press: ? - help, Dir - look around, f - activate The wolf spider is dazzled.
The pharaoh ant bites you but does no damage.
The pharaoh ant closely misses you.
Unknown command.
Unknown command.
Unknown command.
Casting: Dazzling Flash (safe; 1% risk of failure)
Confirm with . or Enter, or press ? or * to list all spells.
Casting: Dazzling Flash (safe; 1% risk of failure)
Press: ? - help, Dir - look around, f - activate The tarantella is dazzled.
You block the pharaoh ant's attack. The pharaoh ant barely misses you.
Unknown command.
Unknown command.
Unknown command.
Casting: Dazzling Flash (safe; 1% risk of failure)
Confirm with . or Enter, or press ? or * to list all spells.
Casting: Dazzling Flash (safe; 1% risk of failure)
Press: ? - help, Dir - look around, f - activate The wolf spider is dazzled.
The tarantella is dazzled.
The pharaoh ant closely misses you. The pharaoh ant bites you!!
* * * LOW HITPOINT WARNING * * *
You feel drained.
You die...

#.........####...####^#..## ##.
.........####........###..## #.
......(..##.[.....##..####.#####.
..................##..## ##..##..
.....#........>...###..# ##.....
^####.............####.## ##.#..
## #.......####ss.# #..## ##..##
### #####....###B### ##..###...##
..## ##......##@#######........#
...####..####....#....##.........
.....^...######.......###.......#
.....[......# #.......^##........
............###..................
.>..........##...................
............#....[..............#
...............................##
..........................####.##


You could see a wolf spider (blind), a pharaoh ant and a tarantella (blind).

Vanquished Creatures
  Saint Roka (Orc:2)
  Jorgrun (Orc:1)
  Kirke (D:15)
  2 broodmothers (Spider:1)
  A dire elephant (Lair:5)
  Nessos (D:12)
  A minotaur (Gauntlet)
  Josephine (D:15)
  An entropy weaver (Spider:1)
  5 hydras
  2 jorogumos
  A rakshasa (D:15)
  4 ogre magi (Orc:2)
  A vault guard (D:12)
  A merfolk avatar (Lair:5)
  A death knight (D:15)
  A radroach (Spider:1)
  4 centaur warriors
  3 boulder beetles
  An alligator (Lair:4)
  24 two-headed ogres
  2 tengu warriors (D:15)
  Urug (Lair:2)
  An orc high priest (Orc:1)
  4 death yaks (Lair:4)
  2 demonic crawlers
  Sonja (Lair:5)
  A deep elf knight (D:13)
  2 pharaoh ants
  2 skysharks
  Lodul (D:14)
  A goliath frog (Lair:4)
  2 skeletal warriors
  A sun moth (Spider:2)
  A sea snake (Lair:5)
  2 swamp dragons (Lair:4)
  2 harpies (Lair:5)
  3 steelbarb worms
  A necromancer (D:15)
  5 lindwurms (Lair:5)
  8 wolf spiders
  7 deep elf pyromancers
  3 orc sorcerers
  2 orc knights
  2 deep elf zephyrmancers
  A salamander (shapeshifter) (D:13)
  4 moths of wrath
  4 ugly things
  5 cyclopes
  4 manticores
  5 black mambas
  18 elephants
  3 centaur zombies
  4 torpor snails
  Maggie (D:6)
  2 gargoyles
  14 cane toads
  4 centaur skeletons
  A kobold demonologist (D:13)
  5 rime drakes
  4 yaktaurs (D:13)
  Jeremiah (D:9)
  6 komodo dragons
  3 tengu conjurers (D:15)
  6 trolls
  A wind drake (Lair:5)
  3 polar bears
  A harpy skeleton (D:13)
  10 tarantellas
  3 tyrant leeches
  Grinder (D:4)
  4 hornets
  3 dream sheep (Lair:5)
  16 blink frogs
  A snapping turtle (Lair:5)
  7 shadows
  6 jumping spiders
  3 slime creatures (Gauntlet)
  A centaur simulacrum (D:15)
  5 wraiths
  9 culicivoras
  Eustachio (D:6)
  9 wyverns
  5 hogs (D:15)
  A hog (shapeshifter) (D:14)
  13 redbacks
  4 basilisks
  28 yaks
  A steam dragon (D:6)
  Grum (D:8)
  Edmund (D:4)
  Menkaure (D:6)
  4 swamp worms
  5 wargs
  2 acid dragons
  12 water moccasins
  20 orc warriors
  2 swamp drakes
  2 sky beasts
  37 ogres
  9 centaurs
  32 wolves
  A phantom (D:6)
  5 kobold brigands
  A necrophage (D:6)
  A gnoll sergeant (D:9)
  13 bullfrogs
  3 scorpions
  6 killer bees (D:9)
  5 jellies
  5 hounds
  18 orc priests
  An iguana (D:4)
  21 orc wizards
  2 boggart skeletons (D:15)
  A hound skeleton (D:6)
  8 mummies (Ossuary)
  13 gnolls
  15 adders
  2 shadow imps (D:6)
  3 white imps
  7 ufetubi
  4 worms
  5 dart slugs
  61 orcs
  3 bats
  6 endoplasms
  6 giant cockroaches
  11 goblins
  9 hobgoblins
  4 jackals (D:3)
  3 quokkas
  4 ball pythons
  4 frilled lizards
  2 gnoll zombies (Ossuary)
  A hobgoblin zombie (Ossuary)
  20 kobolds
  4 kobold zombies (Ossuary)
  An orc zombie (Ossuary)
  5 rats
758 creatures vanquished.

Vanquished Creatures (collateral kills)
  4 elephants (Lair:5)
  2 orc warriors (D:11)
  An orc priest (Orc:1)
  2 orcs (Orc:2)
9 creatures vanquished.

Vanquished Creatures (others)
  2 dancing weapons
  An orc wizard (Orc:1)
3 creatures vanquished.

Grand Total: 770 creatures vanquished

Notes
Turn   | Place    | Note
-------+----------+-------------------------------------------
     0 | D:1      | tilp the Vampire Enchanter began the quest for the Orb.
     0 | D:1      | Reached XP level 1. HP: 13/13 MP: 3/3
   362 | D:1      | Reached XP level 2. HP: 13/20 MP: 5/5
   366 | D:1      | Learned a level 2 spell: Ensorcelled Hibernation
   776 | D:1      | Reached skill level 1 in Fighting
   867 | D:1      | Gained mutation: You are afflicted with vampirism and can
                  | become a bat while bloodless. [Vampire growth]
   867 | D:1      | Reached XP level 3. HP: 25/26 MP: 6/6
   871 | D:1      | Learned a level 3 spell: Confusing Touch
  1170 | D:2      | Found a faded altar of an unknown god.
  1312 | D:2      | Reached XP level 4. HP: 25/33 MP: 4/7
  1720 | D:2      | Reached skill level 5 in Stealth
  2218 | D:3      | Reached XP level 5. HP: 38/38 MP: 8/8
  2423 | D:3      | Found an ancient bone altar of Kikubaaqudgha.
  2520 | D:3      | Found a bloodstained altar of Trog.
  2520 | D:3      | Found an opulent altar of Gozag.
  2600 | D:3      | Learned a level 3 spell: Tukima's Dance
  2619 | D:3      | Reached skill level 5 in Hexes
  2714 | D:3      | Identified the +2 leather armour of Kanenos {Harm rN+
                  | Stlth+}
  2803 | D:3      | Found an ornate altar of the Wu Jian Council.
  2985 | D:3      | Noticed a spectral centipede
  2985 | D:3      | Noticed a spectral black mamba
  2985 | D:3      | Noticed a spectral cane toad
  2986 | D:3      | Became a worshipper of the Wu Jian Council
  3254 | D:4      | Noticed an ogre
  3265 | D:4      | Killed an ogre
  3266 | D:4      | Reached XP level 6. HP: 46/46 MP: 6/10
  3341 | D:4      | Noticed Edmund
  3375 | D:4      | Killed Edmund
  3413 | D:4      | Noticed a sky beast
  3415 | D:4      | Noticed Grinder
  3437 | D:4      | Killed Grinder
  3438 | D:4      | Reached XP level 7. HP: 52/52 MP: 4/11
  3526 | D:4      | Found a sand-covered staircase.
  3531 | Ossuary  | Entered an ossuary
  3681 | Ossuary  | HP: 2/53 [mummy (19)]
  3685 | Ossuary  | Reached * piety under Wu Jian
  4084 | D:4      | Found Wequifoil's Book Emporium.
  4371 | D:4      | Found a shadowy altar of Dithmenos.
  4642 | D:4      | Learned a level 3 spell: Dazzling Flash
  4663 | D:5      | Entered Level 5 of the Dungeon
  4807 | D:5      | Reached skill level 5 in Short Blades
  4900 | D:5      | Reached XP level 8. HP: 60/60 MP: 13/13
  5619 | D:5      | Reached skill level 1 in Conjurations
  6140 | D:6      | Noticed Maggie
  6141 | D:6      | Noticed Eustachio
  6144 | D:6      | Killed Maggie
  6144 | D:6      | Reached ** piety under Wu Jian
  6145 | D:6      | Reached skill level 1 in Evocations
  6146 | D:6      | Killed Eustachio
  6251 | D:6      | Reached skill level 5 in Fighting
  6275 | D:6      | Noticed Menkaure
  6286 | D:6      | Killed Menkaure
  6411 | D:6      | Reached XP level 9. HP: 63/68 MP: 9/15
  6732 | D:6      | Found a burning altar of Makhleb.
  6805 | D:7      | Found a staircase to the Ecumenical Temple.
  7868 | D:8      | Noticed Grum
  7874 | D:8      | Killed Grum
  7960 | D:8      | Noticed a two-headed ogre
  7967 | D:8      | Killed a two-headed ogre
  8243 | D:8      | Reached skill level 5 in Spellcasting
  8329 | D:8      | Noticed a two-headed ogre
  8341 | D:8      | Killed a two-headed ogre
  8342 | D:8      | Reached skill level 10 in Stealth
  8342 | D:8      | Reached XP level 10. HP: 10/76 MP: 8/17
  8738 | D:9      | Reached *** piety under Wu Jian
  8751 | D:9      | Reached skill level 1 in Shields
  8881 | D:9      | Noticed Jeremiah
  8931 | D:9      | Paralysed by Jeremiah for 2 turns
  8936 | D:9      | Killed Jeremiah
  8937 | D:9      | Reached skill level 10 in Short Blades
  9055 | D:9      | Noticed a two-headed ogre
  9061 | D:9      | Killed a two-headed ogre
  9062 | D:9      | Reached skill level 1 in Armour
  9126 | D:9      | Found a hazy altar of Hepliaklqana.
  9201 | D:9      | Noticed a two-headed ogre
  9203 | D:9      | Found a shimmering altar of Xom.
  9207 | D:9      | Killed a two-headed ogre
  9208 | D:9      | Reached skill level 1 in Ice Magic
  9571 | D:10     | Entered Level 10 of the Dungeon
  9585 | D:10     | Noticed a two-headed ogre
  9589 | D:10     | Killed a two-headed ogre
  9784 | D:10     | Found a stormy altar of Qazlal.
  9803 | D:10     | Reached XP level 11. HP: 83/83 MP: 18/18
  9864 | D:10     | Noticed a two-headed ogre
  9869 | D:10     | Killed a two-headed ogre
  9891 | D:10     | Identified the +2 spear "Spiderbane" {elec, rPois Will-
                  | Dex+3}
 10185 | D:10     | Found a runed translucent gate.
 10185 | D:10     | Found a runed translucent gate.
 10185 | D:10     | Found a runed translucent gate.
 10185 | D:10     | Found a viscous altar of Jiyva.
 10185 | D:10     | Noticed PanSaczeczos's ghost (journeyman FoVM)
 10185 | D:10     | Noticed a glowing orange brain
 10219 | D:10     | Found a broken altar of Ashenzari.
 10449 | D:11     | Noticed a two-headed ogre
 10458 | D:11     | Killed a two-headed ogre
 10546 | D:11     | Noticed a two-headed ogre
 10551 | D:11     | Killed a two-headed ogre
 10552 | D:11     | Reached skill level 5 in Dodging
 10887 | D:11     | Found a staircase to the Lair.
 11050 | D:11     | Reached skill level 10 in Hexes
 11136 | D:11     | Noticed a boulder beetle
 11147 | D:11     | Killed a boulder beetle
 11462 | D:11     | Reached **** piety under Wu Jian
 11545 | D:11     | Found a staircase to the Orcish Mines.
 11727 | Lair:1   | Entered Level 1 of the Lair of Beasts
 11735 | D:11     | Learned a level 4 spell: Fulminant Prism
 12155 | Lair:1   | Reached XP level 12. HP: 91/92 MP: 10/20
 12229 | Lair:1   | Noticed a five-headed hydra
 12235 | Lair:1   | Killed a five-headed hydra
 12706 | Lair:2   | Found a hole to the Spider Nest.
 12768 | Lair:2   | Noticed Urug
 12777 | Lair:2   | Killed Urug
 14022 | D:4      | Bought a manual of Dodging for 1040 gold pieces
 14459 | Lair:3   | Noticed an eight-headed hydra
 14468 | Lair:3   | Killed an eight-headed hydra
 14601 | Lair:3   | Reached ***** piety under Wu Jian
 14778 | Lair:3   | Identified the +0 pair of boots of Weumy {Harm rPois rF-
                  | rCorr}
 14941 | Lair:3   | Found a staircase to the Swamp.
 15258 | Lair:4   | Reached skill level 10 in Fighting
 15364 | Lair:4   | Reached XP level 13. HP: 103/103 MP: 20/23
 15394 | Lair:4   | Found a viscous altar of Jiyva.
 17109 | Lair:5   | Entered Level 5 of the Lair of Beasts
 17356 | Lair:5   | Reached skill level 5 in Evocations
 17826 | Lair:5   | Reached skill level 10 in Dodging
 18195 | Lair:5   | Reached XP level 14. HP: 100/113 MP: 13/25
 18317 | Lair:5   | Noticed Sonja
 18335 | Lair:5   | Reached skill level 5 in Conjurations
 18427 | Lair:5   | Killed Sonja
 18748 | Lair:5   | Reached ****** piety under Wu Jian
 19396 | Lair:5   | Identified the +11 long sword of Prudence {freeze, rElec
                  | Dex+3}
 19991 | Lair:5   | Identified the +7 swamp dragon scales of the Flute {rPois
                  | Str+3}
 20048 | Lair:5   | Identified the staff "Murmur" {rPois Str+3 Int+4 Poison}
 20274 | D:4      | Bought Sif Muna's Papyrus of Fetid Reformation for 468 gold
                  | pieces
 20280 | D:4      | Learned a level 5 spell: Yara's Violent Unravelling
 20473 | Orc:1    | Entered Level 1 of the Orcish Mines
 20524 | Orc:2    | Entered Level 2 of the Orcish Mines
 20524 | Orc:2    | Found a staircase to the Elven Halls.
 20950 | Orc:1    | Reached skill level 1 in Transmutations
 21219 | Orc:1    | Noticed Jorgrun
 21231 | Orc:1    | Killed Jorgrun
 22098 | Orc:2    | Noticed Saint Roka
 22194 | Orc:2    | Killed Saint Roka
 22549 | Orc:2    | Reached XP level 15. HP: 120/120 MP: 8/27
 23022 | Orc:2    | Paralysed by an ogre mage for 2 turns
 23420 | Orc:2    | Found Xawn's Jewellery Shoppe.
 23420 | Orc:2    | Found Bish's Magic Scroll Boutique.
 23421 | Orc:2    | Found Acajaz's General Store.
 23421 | Orc:2    | Found Motsemuth's Assorted Antiques.
 23632 | Orc:2    | Bought a scroll of enchant weapon for 112 gold pieces
 23632 | Orc:2    | Bought a scroll of enchant armour for 112 gold pieces
 24064 | D:12     | Found a portal to a secret trove of treasure.
 24104 | D:12     | Reached skill level 5 in Armour
 24401 | D:12     | Noticed Nessos
 24879 | D:12     | Killed Nessos
 25004 | D:13     | Found a flickering gateway to a bazaar.
 25027 | Bazaar   | Entered a bazaar
 25027 | Bazaar   | Found Vetwiq's Book Shoppe.
 25027 | Bazaar   | Found Ofextau's Jewellery Shoppe.
 25027 | Bazaar   | Found Emetur's Assorted Antiques.
 25041 | Bazaar   | Bought a scroll of brand weapon for 161 gold pieces
 25047 | Bazaar   | Bought an amulet of magic regeneration for 180 gold pieces
 25175 | D:13     | Reached skill level 15 in Stealth
 25176 | D:13     | Found a gate to the Vaults.
 25188 | D:13     | Reached skill level 1 in Long Blades
 25845 | D:13     | Found a runed translucent gate.
 25845 | D:13     | Found a runed translucent gate.
 25845 | D:13     | Found a runed translucent gate.
 25845 | D:13     | Noticed Anon1729's ghost (journeyman MiMo)
 25847 | D:13     | Found a basalt altar of Yredelemnul.
 25896 | D:13     | Found Niaco's General Store.
 26006 | D:13     | Found Peown's Antique Weapon Emporium.
 26169 | D:14     | Found a radiant altar of Vehumet.
 26284 | D:14     | Reached skill level 15 in Hexes
 26467 | D:14     | Noticed Lodul
 26487 | D:14     | Killed Lodul
 26871 | D:15     | Entered Level 15 of the Dungeon
 26911 | D:15     | Found a gate leading to a gauntlet.
 26927 | Gauntlet | Entered a Gauntlet
 26927 | Gauntlet | Found a transporter.
 26927 | Gauntlet | Found a transporter.
 26927 | Gauntlet | Found a transporter.
 26938 | Gauntlet | Found a transporter.
 26940 | Gauntlet | Found a transporter.
 26944 | Gauntlet | Found a runed translucent door.
 26944 | Gauntlet | Found a runed translucent door.
 26948 | Gauntlet | Found a transporter.
 26951 | Gauntlet | Found a transporter.
 26962 | Gauntlet | Found a transporter.
 26977 | Gauntlet | Found a transporter.
 26983 | Gauntlet | Found a transporter.
 26985 | Gauntlet | Found a transporter.
 26996 | Gauntlet | Found a transporter.
 27280 | Gauntlet | Identified the +5 battleaxe of the Spectre {spect, Int+3
                  | Dex+3}
 27381 | Gauntlet | Identified the +4 swamp dragon scales of Inyh {rElec rPois
                  | Will+++ Int-2 Dex+3}
 27402 | Gauntlet | Reached skill level 5 in Long Blades
 27414 | Gauntlet | Got the Discursus on the Sphinx
 27417 | Gauntlet | Got the Incunable of Fumes and Immolation
 27599 | D:15     | Noticed Josephine
 27614 | D:15     | Killed Josephine
 27652 | D:15     | Reached XP level 16. HP: 64/127 MP: 17/29
 27690 | D:15     | Noticed Kirke
 27733 | D:15     | Killed Kirke
 28035 | D:15     | Found a staircase to the Depths.
 28640 | D:4      | Bought a book of Hexes for 468 gold pieces
 28648 | D:4      | Learned a level 7 spell: Enfeeble
 28653 | D:4      | Learned a level 4 spell: Anguish
 28812 | Spider:1 | Entered Level 1 of the Spider Nest
 30672 | Spider:2 | Reached skill level 5 in Transmutations
 31434 | Spider:3 | Noticed Roxanne
 32335 | Spider:4 | Entered Level 4 of the Spider Nest
 32379 | Spider:3 | Slain by a pharaoh ant

Illustrated notes

Levels and vault maps discovered:
D:1:      co_arrival_square_in_a_square_in_a_square, layout_basic, st_stairs_13
D:2:      layout_rooms, chequers_ecumenical_altar_island, minmay_pentomino_x4
D:3:      layout_loops_ring, pdpol_wu_jian_five_deadly_venoms,
          jmf_multi_god_temple, kiku_gazebo_pond_becter, grunt_ministairs_6,
          dk_noncrumbling_3, minmay_door_square
D:4:      nicolae_cairo_tiling_large, layout_gridville,
          nicolae_dithmenos_shadow_blocks, serial_shops, shop,
          nicolae_ossuary_entry_monument, minmay_misc_feat_pillars,
          uniq_grinder, uniq_edmund
D:5:      wad_crossroads, layout_loops_corners, serial_rivers,
          chequers_serial_rivers_micro_c, chequers_serial_rivers_small_b,
          chequers_serial_rivers_micro_a, chequers_serial_rivers_small_b,
          chequers_serial_rivers_room_a, chequers_serial_rivers_room_a
D:6:      layout_basic, makhleb_blood_cavern_becter, serial_demonic,
          serial_demonic_e, serial_demonic_e, serial_demonic_c,
          serial_demonic_g, uniq_menkaure, uniq_maggie, uniq_eustachio
D:7:      layout_basic, minmay_temple_entry_tees
D:8:      layout_basic, grunt_decor_mini_mirrors, uniq_grum
D:9:      layout_cave_pools, nicolae_hepliaklqana_hazy_memory,
          mainiacjoe_overflow_tiny_flanked, uniq_jeremiah
D:10:     layout_loops_cross, grunt_qazlal_sundering,
          cheibrodos_ashenzari_chains, gammafunk_ghost_ooze
D:11:     layout_long_grid, lair_entry_dummy, erik_orc_1
D:12:     layout_roguey, enter_trove_5, serial_curves, eino_curves_04,
          eino_curves_04, introduction_to_nature_2, uniq_nessos
D:13:     layout_irregular_city, hangedman_vaults_entry_quadrant_bands,
          serial_shops, bzr_entry_dummy, shop, kennysheep_mini_moat,
          nicolae_yredelemnul_ghost_church
D:14:     layout_roguey, serial_glass, glass_columns_b, glass_columns_a,
          vehumet_crystals, uniq_lodul
D:15:     grunt_enter_depths_magical_seal, layout_cross, gauntlet_entry_generic,
          minmay_misc_feat_tiny, uniq_josephine, uniq_kirke
Lair:1:   layout_regular_city, infiniplex_staircase_pool
Lair:2:   layout_hall_layers, spider_nest_entry_webs,
          nicolae_lair_grove_arrangements, grunt_forest_stairs_basic, uniq_urug
Lair:3:   layout_gridlike, minmay_swamp_entry_worms, fungi_pond_lemuel
Lair:4:   onia_ninara_swampy_vault, layout_regular_city,
          minmay_slime_entry_oklob_enclosed, lemuel_fruit_tree
Lair:5:   gammafunk_lair_ancient_temple, layout_cellular_growth,
          minmay_lindwurm_lava, uniq_sonja
Spider:1: layout_chambers
Spider:2: layout_chambers
Spider:3: layout_chambers, uniq_roxanne
Spider:4: johnstein_spider_rune_arachne_lair, uniq_bai_suzhen
Orc:1:    layout_diamond_mine, minmay_orc_temple_c, uniq_jorgrun
Orc:2:    st_orc_ogre_mass, layout_caves, uniq_saint_roka

Skill      XL: |  1  2  3  4  5  6  7  8  9 10 11 12 13 14 15 16 |
---------------+-------------------------------------------------+-----
Fighting       | 1 2 3 4 5 6 7 10 11 12 | 12.5
Short Blades   | 2 3 4 5 6 9 10 | 10.0
Stealth        | 5 6 7 10 11 12 13 14 15 | 15.5
Dodging        | 3 4 5 8 10 11 12 | 12.8
Hexes          | 5 6 7 8 9 10 12 13 14 15 | 15.5
Spellcasting   | 3 4 5 7 8 9 |  9.3
Conjurations   | 2 4 5 6 |  6.4
Evocations     | 1 2 3 4 5 6 8 |  8.4
Shields        | 2 3 4 |  4.0
Armour         | 2 3 4 6 |  6.0
Ice Magic      | 1 3 4 |  4.0
Transmutations | 2 4 5 |  5.1
Long Blades    | 5 6 |  6.8

Action                     |  1- 3 |  4- 6 |  7- 9 | 10-12 | 13-15 | 16-18 || total
---------------------------+-------+-------+-------+-------+-------+-------++-------
  Melee: Dagger            |   122 |   165 |   298 |   396 |  1052 |   203 ||  2236
         Bite              |    11 |    18 |    45 |    53 |   153 |    26 ||   306
         Punch             |     1 |     2 |     3 |     1 |       |       ||     7
         Long sword        |       |       |       |       |    45 |    15 ||    60
   Cast: Ensorcelled Hiber |    12 |    17 |    28 |   138 |   362 |    80 ||   637
         Confusing Touch   |       |     2 |    19 |     6 |    52 |     8 ||    87
         Dazzling Flash    |       |       |     1 |     9 |    68 |    19 ||    97
         Tukima's Dance    |       |       |       |     6 |     8 |       ||    14
Ability: Lunge             |       |     6 |    34 |    53 |    97 |    28 ||   218
         Whirlwind         |       |       |     2 |    11 |    46 |    15 ||    74
  Evoke: Wand              |       |       |       |       |     1 |       ||     1
         Sack of spiders   |       |       |       |       |     1 |       ||     1
    Use: Scroll            |     7 |     2 |     9 |    17 |     9 |       ||    44
         Potion            |       |       |       |       |     3 |       ||     3
   Stab: Sleeping          |    14 |    20 |    36 |   100 |   211 |    62 ||   443
         Confused          |       |     1 |    14 |     8 |    40 |    11 ||    74
         Distracted        |       |       |     2 |     1 |     3 |       ||     6
         Invisible         |       |       |       |    11 |    71 |    12 ||    94
 Armour: Robe              |    70 |    49 |       |       |       |       ||   119
         Leather armour    |       |    15 |    74 |       |       |       ||    89
         Steam dragon scal |       |       |    39 |   130 |   203 |       ||   372
         Swamp dragon scal |       |       |       |       |   256 |   109 ||   365
  Dodge: Dodged            |    56 |    90 |   213 |   254 |   928 |   178 ||  1719
  Block: Buckler           |       |       |       |    81 |   272 |    60 ||   413

Table legend: (Time is in decaauts)
 A = Elapsed time spent in this place.
 B = Non-inter-level travel time spent in this place.
 C = Inter-level travel time spent in this place.
 D = Time resting spent in this place.
 E = Time spent auto-exploring this place.
 F = Levels seen in this place.
 G = Mean time per level.
                   A        B        C        D        E       F      G
               +--------+--------+--------+--------+--------+-----+--------+
         Total |  31886 |  29463 |   2423 |   3809 |  18560 |  29 | 1099.5 |
       Dungeon |  15962 |  14373 |   1589 |   1076 |  10534 |  15 | 1064.1 |
          Lair |   8257 |   7700 |    557 |   1853 |   3590 |   5 | 1651.4 |
   Spider Nest |   3557 |   3374 |    183 |     61 |   2839 |   4 |  889.2 |
  Orcish Mines |   3084 |   2991 |     93 |    644 |   1319 |   2 | 1542.0 |
        Bazaar |     38 |     38 |      0 |      0 |     14 |   1 |   38.0 |
       Ossuary |    510 |    510 |      0 |    170 |    125 |   1 |  510.0 |
      Gauntlet |    476 |    476 |      0 |      5 |    138 |   1 |  476.0 |
               +--------+--------+--------+--------+--------+-----+--------+

Top non-repeatable levels by time:
  Lair:5: 2466 daAuts
  Lair:4: 2286 daAuts
    D:11: 1644 daAuts
   Orc:2: 1607 daAuts
   Orc:1: 1477 daAuts
  Lair:2: 1286 daAuts
Spider:1: 1281 daAuts
  Lair:3: 1196 daAuts
Spider:3: 1172 daAuts
     D:1: 1171 daAuts
     D:5: 1161 daAuts
     D:6: 1122 daAuts
     D:7: 1089 daAuts
    D:15: 1079 daAuts
    D:13: 1076 daAuts
